AoeStats
← bluetiger74

Arabia

510512303Analyzed
4v4 RM · 19h ago on Oct 1, 2026· 48m 15s· 8 players
Game mode
Random Map
Map size
Large (8 player)
Population
200
Speed
Normal
Resources
Standard
Victory
Conquest
Starting age
Dark Age
Ending age
Imperial Age
RankedLock teamsTeams togetherTeam positionsShared explorationLock speedFull tech treeHidden civsTurbo modeCheats
Victory
Defeat
🇨🇳 Spanish · China
806
+14
🇹🇼 Franks · Taiwan
800
+20
🇨🇳 Shu · China
745
+16
🇻🇳 Teutons · Vietnam
721
+17
🇹🇷 Ethiopians · Türkiye
794
-17
🇹🇷 Spanish · Türkiye
779
-16
🇮🇳 Teutons · India
731
-14
🇺🇦 Portuguese · Ukraine
725
-14
stefan
5:22 Loom
11:01 Feudal Age
11:57 Double-Bit Axe
11:55 Horse Collar
15:50 Gold Mining
23:34 Castle Age
24:51 Bow Saw
24:43 Heavy Plow
24:54 Stone Mining
25:39 Thumb Ring
25:28 Fletching
25:39 Padded Archer Armor
25:41 Scale Mail Armor
25:52 Forging
25:06 Pikeman
27:38 Wheelbarrow
26:52 Town Watch
29:04 Bodkin Arrow
30:00 Gambesons
30:04 Arson
32:06 Caravan
35:54 Hand Cart
36:09 Ballistics
41:04 Imperial Age
39:36 Fortified Wall
39:22 Murder Holes
40:17 Town Patrol
41:45 Bracer
42:01 Leather Archer Armor
42:21 Iron Casting
42:01 Chain Mail Armor
42:50 Chemistry
41:57 Arquebus
44:12 Two-Man Saw
43:46 Crop Rotation
43:15 Elite Organ Gun
44:40 Husbandry
44:51 Bloodlines
XOnurX
13:50 Feudal Age
13:41 Loom
21:01 Castle Age
19:29 Horse Collar
19:43 Stone Mining
20:14 Double-Bit Axe
20:50 Gold Mining
24:11 Pikeman
25:24 Forging
41:40 Imperial Age
40:18 Scale Mail Armor
Klarnetci sofi
11:56 Feudal Age
15:58 Castle Age
14:22 Horse Collar
15:28 Double-Bit Axe
15:51 Stone Mining
20:14 Stone Shaft Mining
19:37 Gold Mining
24:59 Loom
26:21 Arson
26:39 Scale Mail Armor
28:21 Wheelbarrow
30:10 Chain Mail Armor
30:06 Forging
32:36 Iron Casting
33:19 Hand Cart
33:46 Squires
37:10 Gold Shaft Mining
39:50 Imperial Age
37:39 Fletching
41:26 Imperial Age
44:21 Imperial Age
45:04 Bow Saw
48:16 Imperial Age
xxbysnipxx
10:49 Feudal Age
18:45 Castle Age
18:43 Double-Bit Axe
30:31 Imperial Age
30:07 Gold Mining
30:56 Horse Collar
31:48 Stone Mining
32:40 Bow Saw
32:40 Scale Mail Armor
33:02 Pikeman
35:11 Halberdier
35:51 Squires
37:00 Elite Skirmisher
44:28 Wheelbarrow
44:39 Chain Mail Armor
44:34 Forging
chenleo20061102
4:53 Loom
11:29 Feudal Age
12:19 Double-Bit Axe
23:55 Castle Age
24:14 Light Cavalry
25:49 Husbandry
28:32 Stone Mining
33:22 Fletching
34:21 Murder Holes
35:23 Gold Mining
45:32 Imperial Age
45:50 Cranequins
46:55 Conscription
45:58 Ordonnance Companies
47:19 Bodkin Arrow
47:36 Cavalier
no
12:37 Feudal Age
16:41 Castle Age
15:40 Loom
16:32 Wheelbarrow
16:13 Horse Collar
16:59 Double-Bit Axe
17:52 Heavy Plow
21:26 Bow Saw
22:47 Hand Cart
25:57 Gold Mining
26:05 Stone Mining
28:13 Stone Shaft Mining
32:11 Imperial Age
32:25 Elite Teutonic Knight
33:28 Conscription
33:46 Hoardings
34:15 Chemistry
33:21 Siege Engineers
33:29 Forging
33:20 Scale Mail Armor
34:39 Two-Man Saw
34:13 Crop Rotation
33:59 Squires
33:44 Arson
35:12 Town Watch
35:48 Chain Mail Armor
36:08 Iron Casting
37:56 Blast Furnace
37:27 Plate Mail Armor
36:57 Padded Archer Armor
38:01 Fletching
45:56 Ironclad
47:46 Bombard Tower
47:37 Fortified Wall
bluetiger74
0:59 Loom
14:31 Feudal Age
15:51 Town Watch
15:56 Double-Bit Axe
17:51 Stone Mining
19:07 Horse Collar
19:22 Gold Mining
26:25 Castle Age
28:06 Thumb Ring
28:45 Bow Saw
28:23 Pikeman
29:55 Husbandry
46:24 Crossbowman
CASTER123
13:09 Feudal Age
17:22 Castle Age
16:59 Double-Bit Axe
16:56 Horse Collar
19:46 Wheelbarrow
19:27 Heavy Plow
21:18 Bow Saw
24:05 Hand Cart
24:48 Stone Mining
25:36 Gold Mining
27:18 Stone Shaft Mining
32:15 Imperial Age
32:38 Husbandry
33:07 Ballistics
34:44 Cavalier
35:34 Bloodlines
37:51 Chemistry
36:13 Paladin
37:36 Forging
37:32 Scale Barding Armor
38:45 Two-Man Saw
40:24 Chain Barding Armor
40:40 Iron Casting
41:56 Light Cavalry
43:12 Hussar
47:07 Blast Furnace
46:43 Plate Barding Armor
47:48 Elite Conquistador
Connection lost

Rejoining the realm…

Still unreachable

The connection could not be restored.

Session expired

The server has moved on; the page needs a fresh start.